 Dungeon Crawl Stone Soup version 0.32-a0-871-ge202e49faa (webtiles) character file.

Game seed: 13933793172009813180

81 pokeman the Magician (level 4, 0/25 HPs)
             Began as a Deep Elf Hedge Wizard on Mar 30, 2024.
             Slain by Terence
             ... wielding a +0 falchion
              (9 damage)
             ... on level 2 of the Dungeon.
             The game lasted 00:02:37 (1889 turns).

pokeman the Magician (Deep Elf Hedge Wizard)        Turns: 1889, Time: 00:02:38

Health: 0/25       AC:  4    Str:  7    XL:     4   Next: 20%
Magic:  2/13       EV: 11    Int: 21    God:
Gold:   33         SH:  0    Dex: 14    Spells: 6/14 levels left

rFire   . . .        c - staff of conjuration
rCold   . . .        (no shield)
rNeg    . . .        b - +0 robe
rPois   .            l - +1 helmet {SInv}
rElec   .            (no cloak)
rCorr   .            (no gloves)
SInv    +            (no boots)
Will    .....        (no amulet)
Stlth   ++           (no ring)
HPRegen 0.24/turn    (no ring)
MPRegen 0.13/turn

%: no passive effects
@: no status effects
A: no striking features
a: no special abilities


You were on level 2 of the Dungeon.
You visited 1 branch of the dungeon, and saw 2 of its levels.

You collected 33 gold pieces.

Inventory:

Armour
 b - a +0 robe (worn)
 l - a +1 helmet of see invisible (worn)
Magical Staves
 c - a staff of conjuration (weapon)
Scrolls
 e - 4 scrolls of identify {unknown}
 g - a scroll of blinking {unknown}
 h - 2 scrolls of teleportation {unknown}
 i - a scroll of butterflies {unknown}
 j - a scroll of revelation {unknown}
 k - a scroll of brand weapon {unknown}
Potions
 d - a potion of magic
 f - a potion of brilliance {unknown}


   Skills:
 + Level 1.1 Fighting
 + Level 1.2 Armour
 - Level 2.4 Dodging
 - Level 2.4 Stealth
 * Level 5.5 Spellcasting
 + Level 2.2 Conjurations
 - Level 1.1 Summonings
 - Level 1.1 Translocations


You had 6 spell levels left.
You knew the following spells:

 Your Spells              Type           Power      Damage    Failure   Level
a - Magic Dart            Conj           88%        1d7       4%          1
b - Mephitic Cloud        Conj/Alch/Air  13%        N/A       22%         3
c - Call Imp              Summ           20%        N/A       10%         2
d - Blink                 Tloc           20%        N/A       10%         2

Your spell library contained the following spells:

 Spells                   Type           Power      Damage    Failure   Level
 Slow                     Hex            20%        N/A       11%         1
 Cigotuvi's Dreadful Rot  Necr/Alch/Air  10%        N/A       16%         2
 Ensorcelled Hibernation  Hex/Ice        10%        N/A       16%         2
 Fugue of the Fallen      Necr           5%         N/A       30%         3
 Anguish                  Hex/Necr       2%         N/A       71%         4


Dungeon Overview and Level Annotations

Branches:
Dungeon (2/15)

Altars:

Annotations:
D:2 Terence


Message History

You hit Terence but do no damage.
Terence is severely wounded.
Your cerulean imp completely misses Terence.
Casting: Call Imp (safe; 10% risk of failure)
Confirm with . or Enter, or press ? or * to list all spells.
Aiming: Mephitic Cloud (extremely dangerous; 22% risk of failure)
Press: ? - help, Shift-Dir - straight line, f - Terence
Aim: Terence, wielding a +0 falchion, wearing a +0 scale mail and carrying a wand of flame (severely wounded, confused, ally target, chance to affect: 91%)
You feel a surge of power!
The ball explodes into a vile cloud!
The stinking cloud engulfs Terence.
Terence is severely wounded.
You hear a shout!
Terence is engulfed in noxious fumes.
Terence appears confused.
Unknown command.
You barely miss Terence.
Terence is severely wounded.
Terence closely misses you.
Your cerulean imp barely misses Terence.
Unknown command.
You hit Terence but do no damage.
Terence is severely wounded.
Terence hits you with a +0 falchion.
Your cerulean imp hits Terence but does no damage.
You hit Terence but do no damage.
Terence is severely wounded.
Your cerulean imp barely misses Terence.
Terence is engulfed in noxious fumes.
Terence appears confused.
Terence wonders, "What am I doing in here?"
Your cerulean imp hits Terence but does no damage.
You hit Terence but do no damage.
Terence is severely wounded.
Terence is engulfed in noxious fumes.
Terence appears confused.
Terence completely misses you.
Your cerulean imp hits Terence with a -3 spear.
You catch the helpless Terence completely off-guard!
You hit Terence but do no damage.
Terence is severely wounded.
Terence is engulfed in noxious fumes.
Terence appears confused.
Terence hits you with a +0 falchion!
You die...

########
#......#
#......# .
#......# ...
#......#
.....####..5.○.#
#.†.)...@☼..#
#.####.@.§°.#
###.####
#.######.#
#........#
#.######.#
#.)#### #....<#
#..####
#.#####..#


You could see Terence (confused, ally target) and a friendly cerulean imp
(summoned).

Vanquished Creatures
  Robin (D:2)
  2 adders (D:2)
  2 dart slugs (D:1)
  A ribbon worm (D:2)
  2 endoplasms (D:1)
  2 giant cockroaches (D:1)
  9 goblins
  9 hobgoblins
  2 jackals (D:1)
  3 kobolds
  2 quokkas (D:1)
  3 bats (D:1)
  A frilled lizard (D:2)
  3 rats (D:1)
42 creatures vanquished.

Notes
Turn   | Place    | Note
-------+----------+-------------------------------------------
     0 | D:1      | pokeman the Deep Elf Hedge Wizard began the quest for the
                  | Orb.
     0 | D:1      | Reached XP level 1. HP: 10/10 MP: 7/7
   273 | D:1      | Reached XP level 2. HP: 15/15 MP: 1/9
   760 | D:1      | Reached skill level 5 in Spellcasting
  1128 | D:1      | Reached XP level 3. HP: 20/20 MP: 7/11
  1132 | D:1      | Learned a level 3 spell: Mephitic Cloud
  1135 | D:1      | Learned a level 2 spell: Call Imp
  1138 | D:1      | Learned a level 2 spell: Blink
  1555 | D:2      | Noticed Robin
  1642 | D:2      | Reached skill level 1 in Fighting
  1642 | D:2      | Reached skill level 1 in Armour
  1648 | D:2      | Killed Robin
  1737 | D:2      | Reached XP level 4. HP: 23/25 MP: 10/13
  1856 | D:2      | Noticed Terence
  1889 | D:2      | Slain by Terence

Illustrated notes

Levels and vault maps discovered:
D:1:      matt_arrival_spirals, layout_loops_ring
D:2:      layout_basic, minmay_pentomino_t4, uniq_robin,
          uniq_crazy_yiuf_cottage, uniq_terence

Skill      XL: |  1  2  3 |
---------------+----------+-----
Spellcasting   | 5 |  5.5
Conjurations   | 2 |  2.2
Fighting       | 1 |  1.1
Armour         | 1 |  1.2
Dodging        | |  2.4
Stealth        | |  2.4
Summonings     | |  1.1
Translocations | |  1.1

Action                     |  1- 3 |  4- 6 || total
---------------------------+-------+-------++-------
  Melee: Dagger            |    12 |       ||    12
         Staff             |       |    16 ||    16
   Cast: Magic Dart        |   101 |    15 ||   116
         Mephitic Cloud    |     1 |     2 ||     3
         Call Imp          |     1 |     2 ||     3
   Stab: Confused          |       |     2 ||     2
 Armour: Robe              |    16 |    10 ||    26
  Dodge: Dodged            |    13 |    12 ||    25

Table legend: (Time is in decaauts)
 A = Elapsed time spent in this place.
 B = Non-inter-level travel time spent in this place.
 C = Inter-level travel time spent in this place.
 D = Time resting spent in this place.
 E = Time spent auto-exploring this place.
 F = Levels seen in this place.
 G = Mean time per level.
                   A        B        C        D        E       F      G
               +--------+--------+--------+--------+--------+-----+--------+
         Total |   1893 |   1872 |     21 |    146 |   1449 |   2 |  946.5 |
       Dungeon |   1893 |   1872 |     21 |    146 |   1449 |   2 |  946.5 |
               +--------+--------+--------+--------+--------+-----+--------+

Top non-repeatable levels by time:
     D:1: 1533 daAuts
     D:2: 360 daAuts
